AoeStats
← JaggedJimmyJay

Arabia

506325467Analyzed
1v1 RM · 21d ago on Sep 13, 2026· 36m 49s· 2 players
Game mode
Random Map
Map size
Tiny (2 player)
Population
200
Speed
Normal
Resources
Standard
Victory
Conquest
Starting age
Dark Age
Ending age
Imperial Age
RankedLock teamsTeams togetherTeam positionsShared explorationLock speedFull tech treeHidden civsTurbo modeCheats
Victory
Defeat
🇺🇸 Spanish · United States
1028
+18
🇺🇸 Bulgarians · United States
1066
-18
GatorDan65
6:50 Loom
9:27 Feudal Age
9:58 Double-Bit Axe
13:49 Horse Collar
16:39 Fletching
21:46 Castle Age
20:12 Padded Archer Armor
20:33 Stone Mining
21:07 Bloodlines
23:49 Leather Archer Armor
23:58 Bow Saw
24:51 Wheelbarrow
27:09 Heavy Plow
28:12 Sanctity
29:13 Scale Barding Armor
30:42 Chain Barding Armor
31:44 Hand Cart
33:01 Inquisition
32:58 Town Watch
36:16 Imperial Age
35:06 Husbandry
35:43 Bodkin Arrow
37:48 Ring Archer Armor
37:19 Bracer
JaggedJimmyJay
3:41 Loom
9:41 Feudal Age
21:35 Castle Age
20:24 Arson
21:03 Fletching
21:28 Scale Barding Armor
21:18 Stone Mining
21:18 Double-Bit Axe
22:45 Gold Mining
23:29 Elite Skirmisher
24:20 Padded Archer Armor
Connection lost

Rejoining the realm…

Still unreachable

The connection could not be restored.

Session expired

The server has moved on; the page needs a fresh start.